 Dungeon Crawl Stone Soup version 0.29.1-2-gbd0b4ee654 (webtiles) character file.

Game seed: 2636997724581894785

793 GorkyZ the Trooper (level 7, -2/43 HPs)
             Began as a Gargoyle Gladiator on Nov 23, 2022.
             Slain by a lemure (6 damage)
             ... led by Pikel
             ... on level 5 of the Dungeon.
             The game lasted 00:09:22 (5742 turns).

GorkyZ the Trooper (Gargoyle Gladiator)             Turns: 5742, Time: 00:09:23

Health: -2/43      AC: 18    Str: 19      XL:     7   Next: 88%
Magic:  7/7        EV:  6    Int:  9      God:
Gold:   238        SH:  0    Dex:  8 (11) Spells: 6/6 levels left

rFire   . . .      SeeInvis .   a - +0 war axe
rCold   . . .      Faith    .   n - orb {*channel}
rNeg    + . .      Spirit   .   y - +0 plate armour
rPois   ∞          Reflect  .   c - +0 helmet
rElec   +          Harm     .   (no cloak)
rCorr   .          Rampage  .   g - +0 pair of gloves
Will    .....                   (no boots)
Stlth   ..........              (no amulet)
HPRegen 0.14/turn               A - ring of flight
MPRegen 0.10/turn               (no ring)

@: flying
A: sickness immunity, AC +4, negative energy resistance 1, electricity
resistance, torment resistance 1, petrification resistance
a: no special abilities


You were on level 5 of the Dungeon.
You visited 1 branch of the dungeon, and saw 5 of its levels.

You collected 238 gold pieces.

Inventory:

Hand Weapons
 a - a +0 war axe (weapon)
Missiles
 d - a throwing net (quivered)
 e - a javelin
 m - 10 poisoned darts
 t - 5 boomerangs
Armour
 b - a +0 leather armour
 c - a +0 helmet (worn)
 g - a +0 pair of gloves (worn)
 j - a +0 ring mail
 n - an orb of energy (worn)
 y - a +0 plate armour (worn)
Jewellery
 A - a ring of flight (left hand)
Wands
 D - a wand of roots (7)
Scrolls
 h - a scroll of blinking {unknown}
 k - 6 scrolls of teleportation {unknown}
 l - 4 scrolls of identify {unknown}
 o - a scroll of enchant armour {unknown}
 p - a scroll of fog {unknown}
 r - a scroll of torment {unknown}
 s - 3 scrolls of magic mapping {unknown}
 u - a scroll of amnesia {unknown}
 w - a scroll of noise {unknown}
 x - a scroll of immolation {unknown}
 C - a scroll of summoning {unknown}
Potions
 f - a potion of might
 i - a potion of degeneration
 v - a potion of curing
 z - 3 potions of magic {unknown}
 B - 2 potions of haste {unknown}


   Skills:
 + Level 4.1 Fighting
 + Level 3.9 Axes
 + Level 3.3 Throwing
 + Level 3.4 Armour
 + Level 3.5 Dodging
 + Level 3.2 Shields
 + Level 2.5 Evocations


You had 6 spell levels left.
You didn't know any spells.
Your spell library contained the following spells:

 Spells                   Type           Power      Damage    Failure   Level
 Sting                    Tmut/Pois      0%         1d3       100%        1
 Gell's Gravitas          Tloc           0%         N/A       100%        3
 Lesser Beckoning         Tloc           0%         N/A       100%        3
 Portal Projectile        Hex/Tloc       0%         N/A       100%        3
 Teleport Other           Tloc           0%         N/A       100%        3
 Tukima's Dance           Hex            0%         N/A       100%        3
 Olgreb's Toxic Radiance  Pois           0%         N/A       100%        4
 Alistair's Intoxication  Tmut/Pois      0%         N/A       100%        5
 Blade Hands              Tmut           0%         N/A       100%        5
 Storm Form               Tmut/Air       0%         N/A       100%        7


Dungeon Overview and Level Annotations

Branches:
Dungeon (5/15)
 Temple: D:4-7

Altars:
Cheibriados
Fedhas
Hepliaklqana
Qazlal
The Shining One

Annotations:
D:5 Pikel


Innate Abilities, Weirdness & Mutations

You are immune to sickness and miasma.
Your stone body is resilient. (AC +4)
You are immune to poison.
You resist negative energy. (rN+)
You are resistant to electric shocks. (rElec)
You are resistant to unholy torment.
You are immune to petrification.


Message History

You feel much better. Pikel hits you but does no damage.
The lemure hits you but does no damage. x2; The lemure hits you.
The scorpion struggles against the net.
The net rips apart, and the scorpion comes free!
You closely miss Pikel.
Pikel is lightly wounded.
You hit the lemure. You closely miss the lemure. x2
The lemure hits you but does no damage. x2; Pikel hits you but does no damage.
The lemure hits you but does no damage.
You barely miss Pikel.
Pikel is lightly wounded.
You barely miss the lemure. x2; You miss the lemure.
The lemure hits you! The lemure hits you but does no damage.
Pikel hits you but does no damage. The lemure barely misses you.
You barely miss Pikel.
Pikel is lightly wounded.
You hit the lemure. You hit the lemure but do no damage.
You barely miss the lemure. Pikel hits you but does no damage.
The lemure hits you but does no damage. x3; The lemure hits you. x2
Pikel hits you but does no damage. The lemure hits you!
You barely miss Pikel.
Pikel is lightly wounded.
You closely miss the lemure. You hit the lemure but do no damage.
You barely miss the lemure. The lemure hits you.
* * * LOW HITPOINT WARNING * * *
The lemure hits you.
* * * LOW HITPOINT WARNING * * *
Pikel hits you with a +2 whip of flaming.
* * * LOW HITPOINT WARNING * * *
Pikel burns you.
* * * LOW HITPOINT WARNING * * *
The lemure hits you.
* * * LOW HITPOINT WARNING * * *
Okay, then.
It was a potion of curing.
You feel better. The lemure hits you.
* * * LOW HITPOINT WARNING * * *
The lemure hits you.
* * * LOW HITPOINT WARNING * * *
Pikel barely misses you. The lemure hits you.
You die...

....#......#....#...###...##.
............#.....#.......#..
............##.....##.......#
.......#........#............
................##...........
...........#.......##........
......#....##.##.............
###..###...5#.....#..........
#... #..sK@5###............
#..........##5# ##...........
.............5...............
.....##..!####...........)...
. .....# ....###........
....... ...#..#.)).....
...... #.......)...... .....
.......<.......
.........#.....


You could see Pikel, 4 lemures and a scorpion.

Vanquished Creatures
  Edmund (D:4)
  A water moccasin (D:5)
  A black bear (D:5)
  A phantom (D:5)
  A necrophage (D:4)
  A howler monkey (D:4)
  3 orc priests
  Jessica (D:3)
  An iguana (D:5)
  3 gnolls (D:5)
  5 adders
  A white imp (D:5)
  An ufetubus (D:5)
  4 dart slugs
  12 orcs
  8 ball pythons
  4 bats
  5 endoplasms
  2 giant cockroaches
  2 goblins
  2 hobgoblins
  2 jackals (D:1)
  2 quokkas
  4 frilled lizards
  8 kobolds
  5 rats
81 creatures vanquished.

Notes
Turn   | Place    | Note
-------+----------+-------------------------------------------
     0 | D:1      | GorkyZ the Gargoyle Gladiator began the quest for the Orb.
     0 | D:1      | Reached XP level 1. HP: 12/12 MP: 1/1
    22 | D:1      | Found a faded altar of an unknown god.
   121 | D:1      | Reached XP level 2. HP: 17/17 MP: 2/2
   523 | D:1      | Reached skill level 1 in Armour
   934 | D:2      | Reached XP level 3. HP: 22/22 MP: 3/3
  1200 | D:2      | Reached skill level 1 in Shields
  1297 | D:2      | Found a stormy altar of Qazlal.
  2026 | D:2      | Reached XP level 4. HP: 21/27 MP: 4/4
  2487 | D:3      | Reached skill level 1 in Evocations
  2836 | D:3      | Reached skill level 3 in Fighting
  2836 | D:3      | Reached XP level 5. HP: 21/32 MP: 5/5
  3158 | D:3      | Found a hazy altar of Hepliaklqana.
  3162 | D:3      | Found a glowing golden altar of the Shining One.
  3167 | D:3      | Found a snail-covered altar of Cheibriados.
  3286 | D:3      | Noticed Jessica
  3291 | D:3      | Killed Jessica
  3814 | D:4      | Reached XP level 6. HP: 33/37 MP: 6/6
  3857 | D:4      | Found a blossoming altar of Fedhas.
  4084 | D:4      | Noticed Edmund
  4100 | D:4      | Killed Edmund
  4783 | D:5      | Entered Level 5 of the Dungeon
  4801 | D:5      | Reached XP level 7. HP: 26/41 MP: 7/7
  5436 | D:5      | Got the Atlas of Turbulent Pollution
  5522 | D:5      | Reached skill level 4 in Fighting
  5723 | D:5      | Noticed Pikel
  5741 | D:5      | HP: 2/43 [lemure[Pikel] (3)]
  5742 | D:5      | Slain by a lemure

Illustrated notes

Levels and vault maps discovered:
D:1:      zelgadis_glass_arrival_small, layout_basic,
          ebering_ecumenical_altar_petrified, minivault_11
D:2:      layout_basic, serial_co_window_serial, co_window_corner_a,
          co_window_paths_a, co_window_paths_a, co_window_corner_a,
          co_window_paths_a, co_window_paths_a, co_window_paths_a,
          co_window_corner_a, co_window_paths_b, co_window_broadway_b,
          co_window_2corner, co_window_corner_ca, co_window_corner_ca,
          co_window_of_opportunity_c, co_window_unsneaky_path_e,
          co_window_corner_b, glass_columns_a, glass_columns_b, basic_altar
D:3:      layout_basic, grunt_temple_overflow_diamond,
          nicolae_concentric_dashed_squares_wild, uniq_jessica
D:4:      layout_basic, mainiacjoe_overflow_brackets, uniq_edmund
D:5:      layout_cave_pools, uniq_pikel

Skill      XL: |  1  2  3  4  5  6  7 |
---------------+----------------------+-----
Throwing       | 2 3 |  3.3
Armour         | 1 2 3 |  3.4
Shields        | 1 2 3 |  3.2
Axes           | 3 |  3.9
Evocations     | 1 2 |  2.5
Fighting       | 3 4 |  4.1
Dodging        | 3 |  3.5

Action                   |  1- 3 |  4- 6 |  7- 9 || total
-------------------------+-------+-------+-------++-------
Melee: War axe           |    93 |   118 |    85 ||   296
       Punch             |     1 |       |       ||     1
Throw: Throwing net      |       |       |     2 ||     2
  Use: Potion            |       |       |     6 ||     6
 Stab: Invisible         |       |       |     2 ||     2
Armor: Leather armour    |    19 |       |       ||    19
       Ring mail         |    40 |    24 |       ||    64
       Plate armour      |       |    36 |   137 ||   173
Dodge: Dodged            |    64 |    63 |    59 ||   186
